APL (24 & UNDER)
PENSACOLA PILOTS @ BEAVERTON BRONZE SOULS
08/02/2030
 
TOP OF THE 1ST
Pensacola Pilots batting - Pitching for Beaverton Bronze Souls : LHP David Jennings
Pitching: LHP David Jennings
Batting: SHB Jack Hendrix 0-0: Ball
1-0: Ball
2-0: Ground out 6-3 (Groundball, 6D)
Batting: SHB Carlos González 0-0: Ground out 6-3 (Groundball, 6)
Batting: RHB John Hall 0-0: Called Strike
0-1: Swinging Strike
0-2: Foul Ball, location: 2F
0-2: Ball
1-2: Ball
2-2: Ball
3-2: Base on Balls
Batting: LHB Preston Hamilton 0-0: Foul Ball, location: 2F
0-1: Foul Ball, location: 2F
0-2: Strikes out swinging
Top of the 1st over - 0 runs, 0 hits, 0 errors, 1 left on base; Pensacola 0 - Beaverton 0
BOTTOM OF THE 1ST
Beaverton Bronze Souls batting - Pitching for Pensacola Pilots : RHP David Hood
Pitching: RHP David Hood
Batting: LHB José Guillén 0-0: Ground out 5-3 (Groundball, 56)
Batting: LHB Manuel Félix 0-0: Called Strike
0-1: SINGLE (Line Drive, 9LS)
Batting: RHB Steve Smith 0-0: Called Strike
Manuel Félix is caught stealing 2nd base
0-1: Fly out, F8 (Flyball, 8RD)
Bottom of the 1st over - 0 runs, 1 hit, 0 errors, 0 left on base; Pensacola 0 - Beaverton 0
TOP OF THE 2ND
Pensacola Pilots batting - Pitching for Beaverton Bronze Souls : LHP David Jennings
Batting: RHB Lawrence Davidson 0-0: Swinging Strike
0-1: Foul Ball, location: 2F
0-2: Ball
1-2: Ball
2-2: Strikes out swinging, 2-3 out at first.
Batting: LHB Ángel Flores 0-0: Ball
1-0: Foul Ball, location: 2F
1-1: Called Strike
1-2: Strikes out swinging
Batting: RHB George Martin 0-0: Called Strike
0-1: Ball
1-1: Ball
2-1: Swinging Strike
2-2: Strikes out swinging
Top of the 2nd over - 0 runs, 0 hits, 0 errors, 0 left on base; Pensacola 0 - Beaverton 0
BOTTOM OF THE 2ND
Beaverton Bronze Souls batting - Pitching for Pensacola Pilots : RHP David Hood
Batting: RHB Dan Cross 0-0: Ball
1-0: Ground out 5-3 (Groundball, 5L)
Batting: RHB Luis Carranza 0-0: Ball
1-0: Foul Ball, location: 2F
1-1: Foul Ball, location: 2F
1-2: Ball
2-2: Foul Ball, location: 2F
2-2: Ground out U3 (Groundball, 3)
Batting: RHB Owen Parra 0-0: Ball
1-0: Ball
2-0: Ball
3-0: Swinging Strike
3-1: Base on Balls
Batting: RHB Salvador Castro 0-0: Ball
1-0: Ball
2-0: Foul Ball, location: 2F
2-1: Single, Error in OF, E8, batter to second base
Owen Parra to third
Batting: SHB Teko de Bruin 0-0: Foul Ball, location: 2F
0-1: Ball
1-1: Foul Ball, location: 2F
1-2: Strikes out swinging
Bottom of the 2nd over - 0 runs, 1 hit, 1 error, 2 left on base; Pensacola 0 - Beaverton 0
TOP OF THE 3RD
Pensacola Pilots batting - Pitching for Beaverton Bronze Souls : LHP David Jennings
Batting: SHB Jason Ashley 0-0: Ball
1-0: SINGLE (Line Drive, 8LS)
Pitching: RHP Carlos Morales
Batting: RHB Timothy Foster 0-0: Ball
1-0: Foul Ball, location: 2F
1-1: Swinging Strike
1-2: Foul Ball, location: 2F
1-2: Ball
2-2: Ball
3-2: Base on Balls
Jason Ashley to second
Batting: SHB Jack Hendrix 0-0: Called Strike
0-1: Called Strike
0-2: Strikes out swinging
Batting: SHB Carlos González 0-0: Ball
1-0: Called Strike
1-1: Fly out, F7 (Flyball, 7LM)
Batting: RHB John Hall 0-0: Ball
1-0: Called Strike
1-1: Foul Ball, location: 2F
1-2: Strikes out swinging
Top of the 3rd over - 0 runs, 1 hit, 0 errors, 2 left on base; Pensacola 0 - Beaverton 0
BOTTOM OF THE 3RD
Beaverton Bronze Souls batting - Pitching for Pensacola Pilots : RHP David Hood
Batting: RHB Ricardo López 0-0: Fly out, F8 (Flyball, 8RD)
Batting: LHB José Guillén 0-0: Swinging Strike
0-1: Ball
1-1: Swinging Strike
1-2: Foul Ball, location: 2F
1-2: Ground out 4-3 (Groundball, 4)
Batting: LHB Manuel Félix 0-0: Ball
1-0: Ball
2-0: Called Strike
2-1: Foul Ball, location: 2F
2-2: Ball
3-2: Foul Ball, location: 2F
3-2: Foul Ball, location: 2F
3-2: Foul Ball, location: 2F
3-2: SINGLE (Groundball, 6MD)
Batting: RHB Steve Smith 0-0: Called Strike
0-1: Ball
1-1: Fly out, F7 (Flyball, 7LS)
Bottom of the 3rd over - 0 runs, 1 hit, 0 errors, 1 left on base; Pensacola 0 - Beaverton 0
TOP OF THE 4TH
Pensacola Pilots batting - Pitching for Beaverton Bronze Souls : RHP Carlos Morales
Batting: LHB Preston Hamilton 0-0: Ball
1-0: Foul Ball, location: 2F
1-1: Ball
2-1: Ball
3-1: Base on Balls
Batting: RHB Lawrence Davidson 0-0: Foul Ball, location: 2F
0-1: Ball
1-1: Ball
2-1: Ball
3-1: Base on Balls
Preston Hamilton to second
Batting: LHB Ángel Flores 0-0: Ball
1-0: Called Strike
1-1: Foul Ball, location: 2F
1-2: Ball
2-2: Fielders Choice at 2nd, 1-6 (Groundball, 13S)
Preston Hamilton to third
Batting: RHB George Martin 0-0: Ball
1-0: Ball
2-0: Called Strike
2-1: Foul Ball, location: 2F
2-2: Ball
3-2: Fly out, F8 (Flyball, 78D)
Runner from 3rd tags up, SCORES, throw made
Batting: SHB Jason Ashley 0-0: Called Strike
0-1: Ball
Ángel Flores is caught stealing 2nd base
Top of the 4th over - 1 run, 0 hits, 0 errors, 0 left on base; Pensacola 1 - Beaverton 0
BOTTOM OF THE 4TH
Beaverton Bronze Souls batting - Pitching for Pensacola Pilots : RHP David Hood
Batting: RHB Dan Cross 0-0: Reached on error, E5 (Groundball, 56)
Batting: RHB Luis Carranza 0-0: Called Strike
0-1: Ball
1-1: Ball
2-1: Swinging Strike
2-2: Strikes out looking
Batting: RHB Owen Parra 0-0: Called Strike
0-1: Ball
1-1: Foul Ball, location: 2F
1-2: Foul Ball, location: 2F
1-2: Foul Ball, location: 2F
1-2: Grounds into double play, 4-6-3 (Groundball, 4MD)
Bottom of the 4th over - 0 runs, 0 hits, 1 error, 0 left on base; Pensacola 1 - Beaverton 0
TOP OF THE 5TH
Pensacola Pilots batting - Pitching for Beaverton Bronze Souls : RHP Carlos Morales
Batting: SHB Jason Ashley 0-0: Ball
1-0: Foul Ball, location: 2F
1-1: Ball
2-1: Reached on error, E4 (Groundball, 4)
Batting: RHB Timothy Foster 0-0: Called Strike
0-1: Ground out 3-1 (Groundball, 34)
Jason Ashley to third
Batting: SHB Jack Hendrix 0-0: Called Strike
0-1: Ball
1-1: Swinging Strike
1-2: Strikes out swinging, 2-3 out at first.
Batting: SHB Carlos González 0-0: 2-RUN HOME RUN (Flyball, 9LD), Distance : 334 ft
Batting: RHB John Hall 0-0: Called Strike
0-1: Ball
1-1: Ball
2-1: Called Strike
2-2: Strikes out swinging
Top of the 5th over - 2 runs, 1 hit, 1 error, 0 left on base; Pensacola 3 - Beaverton 0
BOTTOM OF THE 5TH
Beaverton Bronze Souls batting - Pitching for Pensacola Pilots : RHP David Hood
Batting: RHB Salvador Castro 0-0: Called Strike
0-1: Foul Ball, location: 2F
0-2: Ball
1-2: Ball
2-2: Fly out, F9 (Flyball, 89D)
Batting: SHB Teko de Bruin 0-0: Ball
1-0: Called Strike
1-1: Ball
2-1: Ground out 6-3 (Groundball, 6)
Batting: RHB Ricardo López 0-0: SINGLE (Line Drive, 5D)
Batting: LHB José Guillén 0-0: Called Strike
0-1: Ball
Ricardo López is caught stealing 2nd base
Bottom of the 5th over - 0 runs, 1 hit, 0 errors, 0 left on base; Pensacola 3 - Beaverton 0
TOP OF THE 6TH
Pensacola Pilots batting - Pitching for Beaverton Bronze Souls : RHP Carlos Morales
Pitching: RHP Ramón Martínez
Batting: LHB Preston Hamilton 0-0: Foul Ball, location: 2F
0-1: Foul Ball, location: 2F
0-2: Strikes out swinging
Batting: RHB Lawrence Davidson 0-0: Fly out, F8 (Line Drive, 8LM)
Batting: LHB Ángel Flores 0-0: Ball
1-0: Ball
2-0: SINGLE (Flyball, 9LS)
Batting: RHB George Martin 0-0: Called Strike
0-1: Ball
1-1: Called Strike
1-2: Strikes out looking
Top of the 6th over - 0 runs, 1 hit, 0 errors, 1 left on base; Pensacola 3 - Beaverton 0
BOTTOM OF THE 6TH
Beaverton Bronze Souls batting - Pitching for Pensacola Pilots : RHP David Hood
Batting: LHB José Guillén 0-0: Called Strike
0-1: Foul Ball, location: 2F
0-2: SOLO HOME RUN (Flyball, 9LD), Distance : 346 ft
Batting: LHB Manuel Félix 0-0: Ball
1-0: Ground out 4-3 (Groundball, 34)
Batting: RHB Steve Smith 0-0: Swinging Strike
0-1: Ground out 5-3 (Groundball, 56)
Batting: RHB Dan Cross 0-0: SINGLE (Groundball, 6D)
Batting: RHB Luis Carranza 0-0: Foul Ball, location: 2F
0-1: Fielders Choice at 2nd, 6-4 (Groundball, 6)
Bottom of the 6th over - 1 run, 2 hits, 0 errors, 1 left on base; Pensacola 3 - Beaverton 1
TOP OF THE 7TH
Pensacola Pilots batting - Pitching for Beaverton Bronze Souls : RHP Ramón Martínez
Batting: SHB Jason Ashley 0-0: SINGLE (Line Drive, 8LS)
Batting: RHB Timothy Foster 0-0: Ball
1-0: Sac Bunt - play at second, runner OUT! 2-6
Batting: SHB Jack Hendrix 0-0: Ball
1-0: Ball
2-0: Called Strike
2-1: Foul Ball, location: 2F
2-2: Strikes out swinging
Batting: SHB Carlos González 0-0: Ball
1-0: Ball
2-0: Ball
3-0: Base on Balls
Timothy Foster to second
Pinch Hitting: LHB Joe Vásquez 0-0: Ball
1-0: Foul Ball, location: 2F
1-1: Foul Ball, location: 2F
1-2: Foul Ball, location: 2F
1-2: Ball
2-2: Ball
3-2: Strikes out swinging
Top of the 7th over - 0 runs, 1 hit, 0 errors, 2 left on base; Pensacola 3 - Beaverton 1
BOTTOM OF THE 7TH
Beaverton Bronze Souls batting - Pitching for Pensacola Pilots : RHP David Hood
Now at 1B: Joe Vásquez
Batting: RHB Owen Parra 0-0: Ground out 4-3 (Groundball, 4)
Batting: RHB Salvador Castro 0-0: Called Strike
0-1: Called Strike
0-2: Ball
1-2: Ball
2-2: Ground out 4-3 (Groundball, 4)
Batting: SHB Teko de Bruin 0-0: Called Strike
0-1: Hit by Pitch
Batting: RHB Ricardo López 0-0: Ball
Teko de Bruin steals 2nd base
1-0: Ball
2-0: Foul Ball, location: 2F
2-1: Foul Ball, location: 2F
2-2: Fly out, F8 (Flyball, 8LM)
Bottom of the 7th over - 0 runs, 0 hits, 0 errors, 1 left on base; Pensacola 3 - Beaverton 1
TOP OF THE 8TH
Pensacola Pilots batting - Pitching for Beaverton Bronze Souls : RHP Ramón Martínez
Batting: LHB Preston Hamilton 0-0: Called Strike
0-1: Swinging Strike
0-2: Strikes out looking
Batting: RHB Lawrence Davidson 0-0: Fly out, F8 (Flyball, 8RM)
Batting: LHB Ángel Flores 0-0: SINGLE (Line Drive, 34D)
Batting: RHB George Martin 0-0: Ball
1-0: Ball
2-0: Called Strike
2-1: Ball
3-1: Base on Balls
Ángel Flores to second
Pinch Hitting: LHB Carlos Músquez 0-0: Ball
1-0: Ball
2-0: Foul Ball, location: 2F
2-1: Foul Ball, location: 2F
2-2: Foul Ball, location: 2F
2-2: Ball
3-2: Strikes out looking
Top of the 8th over - 0 runs, 1 hit, 0 errors, 2 left on base; Pensacola 3 - Beaverton 1
BOTTOM OF THE 8TH
Beaverton Bronze Souls batting - Pitching for Pensacola Pilots : RHP David Hood
Pitching: RHP Ramón Flores
Now at C: José Ramos
Now at 1B: Carlos Músquez
Batting: LHB José Guillén 0-0: DOUBLE (Line Drive, 9D)
Batting: LHB Manuel Félix 0-0: Called Strike
0-1: Foul Ball, location: 2F
0-2: Ball
1-2: Ball
2-2: Ball
3-2: Foul Ball, location: 2F
3-2: Ground out 4-3 (Groundball, 4)
José Guillén to third
Batting: RHB Steve Smith 0-0: Fly out, F6 (Popup, 6D)
Batting: RHB Dan Cross 0-0: Ball
1-0: Foul Ball, location: 2F
1-1: Foul Ball, location: 2F
1-2: Ground out 5-3 (Groundball, 56)
Bottom of the 8th over - 0 runs, 1 hit, 0 errors, 1 left on base; Pensacola 3 - Beaverton 1
TOP OF THE 9TH
Pensacola Pilots batting - Pitching for Beaverton Bronze Souls : RHP Ramón Martínez
Batting: RHB Timothy Foster 0-0: Foul Ball, location: 2F
0-1: Foul Ball, location: 2F
0-2: Ball
1-2: Strikes out looking
Batting: SHB Jack Hendrix 0-0: Ball
1-0: Ball
2-0: Ball
3-0: Called Strike
3-1: Called Strike
3-2: Base on Balls
Batting: SHB Carlos González 0-0: SINGLE (Groundball, 56D)
Jack Hendrix to second
Batting: LHB Joe Vásquez 0-0: Called Strike
0-1: Ball
1-1: Foul Ball, location: 2F
1-2: Foul Ball, location: 2F
1-2: Foul Ball, location: 2F
1-2: Ball
2-2: Grounds into double play, 6-4-3 (Groundball, 6M)
Top of the 9th over - 0 runs, 1 hit, 0 errors, 1 left on base; Pensacola 3 - Beaverton 1
BOTTOM OF THE 9TH
Beaverton Bronze Souls batting - Pitching for Pensacola Pilots : RHP Ramón Flores
Pitching: RHP Scott Willerton
Batting: RHB Luis Carranza 0-0: Called Strike
0-1: Ball
1-1: Ball
2-1: Called Strike
2-2: Strikes out looking
Batting: RHB Owen Parra 0-0: Swinging Strike
0-1: Ground out U3 (Groundball, 34S)
Batting: RHB Salvador Castro 0-0: Foul Ball, location: 2F
0-1: Swinging Strike
0-2: Strikes out swinging
Bottom of the 9th over - 0 runs, 0 hits, 0 errors, 0 left on base; Pensacola 3 - Beaverton 1
Saturday, April 7th, 2018 - OOTP Baseball 18.8 Build 76